 Dungeon Crawl Stone Soup version 0.16-a0-621-gdc21f72 (webtiles) character file.

1063 PolkaDot the Summoner (level 8, -2/52 HPs)
             Began as a Vampire Summoner on Sept 17, 2014.
             Killed by divine providence
             ... invoked by an orc priest
              (12 damage)
             ... on Level 5 of the Dungeon.
             The game lasted 00:32:20 (6288 turns).

PolkaDot the Summoner (Vampire Summoner)            Turns: 6288, Time: 00:32:21

HP  -2/52        AC  8     Str  7      XL: 8   Next:  6%
MP   3/13        EV 10     Int 19      God:
Gold 343         SH  0     Dex 14      Spells:  3 memorised,  3 levels left

rFire  . . .     SeeInvis +     d - +0 quarterstaff (flame)
rCold  + . .     Clarity  .     A - +0 troll leather armour
rNeg   + + .     rCorr    .     (no shield)
rPois  .         rRot     .     j - +1 helmet
rElec  .         Spirit   .     y - +0 cloak
SustAb .         Warding  +     (no gloves)
rMut   .         Stasis   .     C - +0 pair of boots
Gourm  .                        i - amulet of warding
MR     +....                    o - ring of positive energy
                                (no ring)

@: regenerating very quickly, somewhat resistant to hostile enchantments,
unstealthy
A: bottle blood, fangs 3, see invisible, cold resistance 1, magic resistance 1,
unbreathing
a: Bottle Blood


You were on level 5 of the Dungeon.
You were almost alive.

You visited 2 branches of the dungeon, and saw 6 of its levels.
You also visited: Ossuary.

You collected 343 gold pieces.

Inventory:

Hand weapons
 d - a +0 quarterstaff of flaming (weapon)
Armour
 j - a +1 helmet (worn)
 y - a +0 cloak (worn)
 A - a +0 troll leather armour (worn)
 C - a +0 pair of boots (worn)
Magical devices
 a - a wand of flame (13)
 e - a wand of fire (10) {unknown}
 g - a wand of flame (13)
 m - a wand of confusion (18)
 w - a wand of heal wounds (5) {unknown}
Scrolls
 c - a scroll of recharging
 l - a scroll of teleportation
 n - 3 scrolls of remove curse
 r - a scroll of immolation
 u - a scroll of random uselessness
Jewellery
 i - an amulet of warding (around neck)
 k - an uncursed ring of teleportation
 o - a ring of positive energy (right hand)
Potions
 f - a potion of haste
 h - a potion of cure mutation {!q}
 q - a potion of restore abilities
 s - 2 potions of flight
 t - a potion of brilliance {unknown}
 v - 5 potions of blood {@*1}
 x - a potion of invisibility {unknown}
 z - a potion of resistance {unknown}
Books
 b - a book of Callings

   Spells                             Type                      Level
   *Summon Small Mammal               Summoning                    1
   Call Imp                           Summoning                    2
   *Call Canine Familiar              Summoning                    3
   Summon Guardian Golem              Hexes/Summoning              4
   Summon Lightning Spire             Summoning/Air                4
   *Summon Ice Beast                  Ice/Summoning                4


   Skills:
 * Level 3.3 Staves
 - Level 2.1 Dodging
 - Level 3.0 Stealth
 - Level 2.0 Spellcasting
 + Level 9.3 Summonings


You had 3 spell levels left.
You knew the following spells:

 Your Spells              Type           Power        Failure   Level  Hunger
a - Summon Small Mammal   Summ           ####         1%          1    #......
d - Call Canine Familiar  Summ           #####...     1%          3    ####...
i - Summon Ice Beast      Ice/Summ       ###.....     28%         4    #####..


Dungeon Overview and Level Annotations

Branches:
Dungeon (5/15)             Temple (1/1) D:5

Altars:
Ashenzari
Cheibriados
Dithmenos
Elyvilon
Gozag
Kikubaaqudgha
Makhleb
Ru
Trog
Vehumet
Xom
Yredelemnul
Zin


Innate Abilities, Weirdness & Mutations

Your natural rate of healing is extremely fast.
You can bottle blood from corpses.
You have razor-sharp teeth.
You have supernaturally acute eyesight.
You can survive without breathing.
Your flesh is cold resistant.
You are resistant to hostile enchantments.


Message History

* * * LOW HITPOINT WARNING * * *
Drink which item? (? for menu, Esc to quit)
Okay, then.
Unknown command.
Your wolf bites the orc.
The orc hits your wolf with a flail!
Your wolf bites the orc!
The orc dies!
What do you say? t - Shout!
Orders for allies: a - Attack new target. r - Retreat! s - Stop attacking. w - Wait here. f - Follow me.
Anything else - Stay silent.
Gang up on whom?
Press: ? - help, Dir - move target cursor, f - orc priest
Aim: an orc priest wearing a scale mail Attack!
Your wolf bites the orc priest!
The orc priest mumbles some strange prayers to Beogh against you.
Something smites you!
You die...

#.#.#####.....#..##.###.#...#
#.............#(>##.....###.#
#.............(..######.# #.#
#.#...........##.##########.#
#.###########.............#.#
#.###########)##.########.#.#
..)......).....#.# #.#.#
..###########..#.########.#.#
8.88.........)h.@.........#.#
...8#########o#############.#
.>.8##......o...............#
...8#########g###############
8888..#######)# ............oo#
...##........)##
.............))#################
..........))%.).................


You could see an orc priest and a friendly wolf.

Vanquished Creatures
  An ogre (D:3)
  A gnoll sergeant (D:5)
  An orc priest (D:4)
  A gnoll shaman (D:5)
  A jelly (D:4)
  2 iguanas
  An orc wizard (D:4)
  A worker ant (D:5)
  2 big kobold zombies (Ossuary)
  A mummy (D:4)
  3 adders
  19 gnolls (D:5)
  2 giant mites
  3 worms
  An adder zombie (Ossuary)
  6 giant geckos
  12 orcs
  7 bats
  2 giant cockroaches (D:3)
  9 hobgoblins
  13 jackals
  2 quokkas (D:3)
  A giant gecko zombie (D:5)
  5 giant newts
  11 goblins
  A hobgoblin skeleton (D:4)
  18 hobgoblin zombies
  A jackal zombie (Ossuary)
  13 kobolds
  7 kobold zombies (Ossuary)
  3 orc zombies (Ossuary)
  8 rats
  A rat zombie (Ossuary)
160 creatures vanquished.

Vanquished Creatures (collateral kills)
  A centaur (D:5)
  2 ogres
  A gnoll shaman (D:5)
  An iguana (D:5)
  A big kobold zombie (Ossuary)
  2 mummies (Ossuary)
  2 adders
  17 gnolls (D:5)
  A worm (D:3)
  2 adder zombies
  A giant gecko (D:1)
  6 orcs
  A goblin (D:3)
  3 hobgoblins
  3 jackals
  2 kobolds (D:1)
  A hobgoblin zombie (Ossuary)
  A kobold zombie (Ossuary)
  An orc zombie (Ossuary)
  A butterfly (D:5)
50 creatures vanquished.

Vanquished Creatures (others)
  A gnoll sergeant (D:5)
  7 hounds
  A giant mite (D:5)
  2 quokkas
  2 bats
  A rat (D:3)
14 creatures vanquished.

Grand Total: 224 creatures vanquished

Notes
Turn   | Place    | Note
--------------------------------------------------------------
     0 | D:1      | PolkaDot, the Vampire Summoner, began the quest for the Orb.
     0 | D:1      | Reached XP level 1. HP: 13/13 MP: 3/3
   262 | D:1      | Reached XP level 2. HP: 16/19 MP: 4/4
  1065 | D:2      | Found a shadowy altar of Dithmenos.
  1100 | D:2      | Reached skill level 5 in Summonings
  1100 | D:2      | Reached XP level 3. HP: 24/24 MP: 6/6
  1537 | D:2      | Learned a level 3 spell: Call Canine Familiar
  2018 | D:3      | Noticed an ogre
  2052 | D:3      | Killed an ogre
  2052 | D:3      | Reached skill level 6 in Summonings
  2052 | D:3      | Reached XP level 4. HP: 30/30 MP: 0/7
  2057 | D:3      | Reached XP level 5. HP: 33/35 MP: 1/9
  2698 | D:4      | Reached skill level 7 in Summonings
  2783 | D:4      | Reached XP level 6. HP: 10/41 MP: 5/10
  2784 | D:4      | HP: 2/41 [orc/whip (8)]
  2934 | D:4      | Found a sand-covered staircase.
  2981 | Ossuary  | Entered an ossuary
  3033 | Ossuary  | Gained mutation: Your flesh is cold resistant. [potion of mutation]
  3033 | Ossuary  | Gained mutation: You are resistant to hostile enchantments. [potion of mutation]
  3332 | D:4      | Noticed an ogre
  3339 | D:4      | Killed an ogre
  3339 | D:4      | Reached skill level 8 in Summonings
  3636 | D:4      | Learned a level 4 spell: Summon Ice Beast
  4392 | D:5      | Entered Level 5 of the Dungeon
  4433 | D:5      | Reached XP level 7. HP: 24/46 MP: 4/12
  4616 | D:5      | Found a staircase to the Ecumenical Temple.
  4639 | Temple   | Entered the Ecumenical Temple
  4809 | D:5      | Found a shimmering altar of Xom.
  5031 | D:5      | Reached skill level 9 in Summonings
  5342 | D:5      | Reached skill level 1 in Staves
  6238 | D:5      | Reached XP level 8. HP: 46/52 MP: 3/13
  6288 | D:5      | Killed from afar by an orc priest

Action                   |  1- 3 |  4- 6 |  7- 9 || total
-------------------------+-------+-------+-------++-------
Melee: Club              |     5 |       |       ||     5
       Short sword       |    75 |   177 |       ||   252
       Unarmed           |     2 |       |       ||     2
       Quarterstaff      |       |    54 |   162 ||   216
 Cast: Summon Small Mamm |     9 |     8 |       ||    17
       Call Canine Famil |     2 |    16 |     7 ||    25
       Summon Ice Beast  |       |       |     2 ||     2
 Abil: Bottle Blood      |       |       |    11 ||    11
Evoke: Wand              |     1 |     1 |       ||     2
  Use: Potion            |     1 |     3 |    11 ||    15
       Scroll            |     3 |     7 |     5 ||    15
 Stab: Sleeping          |     6 |     4 |     3 ||    13
       Distracted        |       |     1 |     2 ||     3
  Eat: Corpse            |    14 |    13 |     9 ||    36
